 Dungeon Crawl Stone Soup version 0.31-a0-16-g6d2539766c (webtiles) character file.

Game seed: 3511139381626582729

1249 bande the Chopper (level 8, -2/49 HPs)
             Began as a Gargoyle Fighter on May 9, 2023.
             Slain by an ufetubus (4 damage)
             ... summoned by Eustachio
             ... on level 6 of the Dungeon.
             The game lasted 00:07:57 (3709 turns).

bande the Chopper (Gargoyle Fighter)                Turns: 3709, Time: 00:07:58

Health: -2/49      AC: 15    Str: 21    XL:     8   Next: 50%
Magic:  8/8        EV:  8    Int:  8    God:
Gold:   198        SH:  5    Dex: 11    Spells: 7/7 levels left

rFire   . . .        a - +0 war axe
rCold   . . .        c - +0 buckler
rNeg    + . .        e - +0 chain mail
rPois   ∞            (no helmet)
rElec   +            (no cloak)
rCorr   .            (no gloves)
SInv    .            (no boots)
Will    .....        (no amulet) Stlth
                     (no ring)
HPRegen 0.28/turn    (no ring)
MPRegen 0.11/turn

%: no passive effects
@: mighty
A: sickness immunity, AC +5, negative energy resistance 1, electricity
resistance, torment resistance 1, petrification resistance
a: no special abilities


You were on level 6 of the Dungeon.
You visited 1 branch of the dungeon, and saw 6 of its levels.

You collected 330 gold pieces.
You spent 132 gold pieces at shops.

Inventory:

Hand Weapons
 a - a +0 war axe (weapon)
 j - a +0 flail
Armour
 c - a +0 buckler (worn)
 e - a +0 chain mail (worn)
Wands
 k - a wand of polymorph (4)
Scrolls
 b - 3 scrolls of teleportation
 g - a scroll of poison
 m - a scroll of summoning
Potions
 d - a potion of might
 f - a potion of cancellation
 i - a potion of haste
 l - a potion of flight {unknown}
 n - a potion of brilliance {unknown}
 o - a potion of lignification {unknown}
 p - 3 potions of berserk rage
 q - a potion of curing
 t - a potion of mutation {unknown}


   Skills:
 + Level 5.3 Fighting
 + Level 6.4 Axes
 + Level 5.0 Armour
 - Level 0.6 Stealth
 + Level 4.7 Shields
 + Level 0.4 Unarmed Combat
 * Level 3.1 Evocations


You had 7 spell levels left.
You didn't know any spells.
Your spell library contained the following spells:

 Spells                   Type           Power      Damage    Failure   Level
 Foxfire                  Conj/Fire      0%         2x1d4     98%         1
 Sting                    Tmut/Pois      0%         1d3       98%         1
 Poisonous Vapours        Pois/Air       0%         N/A       99%         2
 Olgreb's Toxic Radiance  Pois           0%         N/A       100%        4
 Fireball                 Conj/Fire      0%         3d3       100%        5
 Plasma Beam              Fire/Air       0%         2x1d11    100%        6
 Starburst                Conj/Fire      0%         6d3       100%        6


Dungeon Overview and Level Annotations

Branches:
Dungeon (6/15)
 Temple: D:4-7

Altars:
Cheibriados
Kikubaaqudgha
Qazlal
Uskayaw
Vehumet

Shops:
D:3 (   D:4 (:!*

Annotations:
D:6 Eustachio


Innate Abilities, Weirdness & Mutations

You are immune to sickness and miasma.
Your stone body is resilient. (AC +5)
You are immune to poison.
You resist negative energy. (rN+)
You are resistant to electric shocks. (rElec)
You are resistant to unholy torment.
You are immune to petrification.


Message History

Eustachio is heavily wounded.
You hit the white imp. You miss the ufetubus.
The ufetubus hits you but does no damage.
You block the ufetubus's attack.
Eustachio drinks a potion.
Eustachio is healed!
The white imp gestures at you. The puff of frost hits you.
* * * LOW HITPOINT WARNING * * *
You barely miss Eustachio.
Eustachio is moderately wounded.
You slash the ufetubus!
You kill the ufetubus!
The ufetubus disappears in a puff of smoke!
You slash the white imp!
You kill the white imp!
The white imp disappears in a puff of smoke!
Eustachio mumbles some strange words.
Eustachio blinks!
Items here: ! )) [ †.
Items here: ! )) [ †.
Eustachio hits you but does no damage.
You slash Eustachio!
Eustachio is severely wounded.
Eustachio barely misses you.
You closely miss Eustachio.
Eustachio is severely wounded.
Eustachio casts a spell.
Eustachio asks, "How can you live without manners, virtues and honour?"
Eustachio hits you with a +0 falchion.
* * * LOW HITPOINT WARNING * * *
You closely miss Eustachio.
Eustachio is severely wounded.
Eustachio hits you but does no damage.
You slash Eustachio!
Eustachio is almost dead.
You barely miss the shadow imp. You closely miss the ufetubus.
The ufetubus closely misses you.
The ufetubus hits you but does no damage.
The ufetubus hits you.
You die...

..... .# ##.......
#####.# ... #....
...# ...... ...
..... ... ....# .#..
##... .... ..l+
..... ...##.# #. ..#
.....##....5.##.#.##
......5@.##55...<).#
#...5@.##@#.#g....#
#..##).##.# #......#
... #..##.#
.........# #
#))##.##g.....##.#
...##=...Sgo....###
# #...............#
#...............#
........##..###..
#.####... .....


You could see Eustachio, a shadow imp (summoned) and an ufetubus (summoned).

Vanquished Creatures
  A water moccasin (D:4)
  A black bear (D:5)
  An ogre (D:4)
  A centaur (D:5)
  2 phantoms
  Blork the orc (D:6)
  A scorpion (D:4)
  A howler monkey (D:5)
  5 hounds
  Natasha (thrice) (D:3)
  5 iguanas
  8 adders
  3 gnolls (D:6)
  A shadow imp (D:4)
  2 ufetubi (D:4)
  4 worms
  2 dart slugs
  An orc (D:3)
  7 endoplasms
  6 giant cockroaches
  6 goblins
  11 hobgoblins
  4 jackals (D:3)
  3 quokkas
  6 ball pythons
  7 bats
  3 frilled lizards
  7 kobolds
  7 rats
110 creatures vanquished.

Notes
Turn   | Place    | Note
-------+----------+-------------------------------------------
     0 | D:1      | bande the Gargoyle Fighter began the quest for the Orb.
     0 | D:1      | Reached XP level 1. HP: 14/14 MP: 1/1
   135 | D:1      | Reached XP level 2. HP: 19/19 MP: 2/2
   353 | D:1      | Reached skill level 2 in Axes
   359 | D:1      | Reached XP level 3. HP: 18/23 MP: 3/3
  1141 | D:2      | Reached XP level 4. HP: 29/29 MP: 4/4
  1383 | D:3      | Noticed Natasha
  1391 | D:3      | Killed Natasha
  1392 | D:3      | Reached skill level 3 in Axes
  1400 | D:3      | Reached XP level 5. HP: 29/33 MP: 5/5
  1405 | D:3      | Noticed Natasha
  1414 | D:3      | Killed Natasha
  1486 | D:3      | Noticed Natasha
  1496 | D:3      | Killed Natasha
  1684 | D:3      | Found Suoxu's Weapon Shop.
  1974 | D:4      | Found Sonelaeh's Distillery.
  1975 | D:4      | Found Xupt's Assorted Antiques.
  1976 | D:4      | Found Qiuzxa's Weapon Emporium.
  1976 | D:4      | Found Kumumm's Book Emporium.
  1979 | D:4      | Bought a potion of degeneration for 12 gold pieces
  1979 | D:4      | Bought a potion of heal wounds for 60 gold pieces
  1979 | D:4      | Bought a potion of berserk rage for 60 gold pieces
  2054 | D:4      | Reached skill level 4 in Axes
  2054 | D:4      | Reached XP level 6. HP: 38/38 MP: 6/6
  2079 | D:4      | Reached skill level 1 in Evocations
  2248 | D:4      | Noticed a water moccasin
  2266 | D:4      | Killed a water moccasin
  2267 | D:4      | Reached XP level 7. HP: 36/44 MP: 7/7
  2321 | D:4      | Reached skill level 5 in Axes
  2887 | D:5      | Entered Level 5 of the Dungeon
  2985 | D:5      | Found a snail-covered altar of Cheibriados.
  3112 | D:5      | Reached XP level 8. HP: 33/48 MP: 8/8
  3118 | D:5      | Reached skill level 5 in Fighting
  3174 | D:5      | Found an ancient bone altar of Kikubaaqudgha.
  3175 | D:5      | Found a radiant altar of Vehumet.
  3175 | D:5      | Found a hide-covered altar of Uskayaw.
  3176 | D:5      | Found a stormy altar of Qazlal.
  3225 | D:5      | Identified the +5 scale mail of the Unbroken {Int+2}
  3317 | D:5      | Reached skill level 6 in Axes
  3650 | D:6      | Noticed Blork the orc
  3659 | D:6      | Noticed Eustachio
  3677 | D:6      | HP: 1/49 [constriction (3)]
  3688 | D:6      | Killed Blork the orc
  3689 | D:6      | Reached skill level 5 in Armour
  3707 | D:6      | HP: 1/49 [Eustachio/+0 falchion (4)]
  3709 | D:6      | Slain by an ufetubus

Illustrated notes

Levels and vault maps discovered:
D:1:      dpeg_arrival_arbitrary_b, layout_basic
D:2:      layout_basic, minmay_misc_feat_chi,
          nicolae_concentric_dashed_squares_wild
D:3:      layout_basic, serial_shops, nicolae_shop_bloodbath_and_beyond,
          uniq_natasha
D:4:      layout_basic, minmay_shop_grid_forest, hangedman_decor_riveting,
          grunt_decor_one_mirror
D:5:      layout_loops_ring, chequers_temple_overflow_statue_of_worship,
          slow_altar_1
D:6:      layout_basic, minmay_temple_entry_wispy, enter_ossuary_5,
          uniq_eustachio, uniq_blork_the_orc, uniq_crazy_yiuf_cottage

Skill      XL: |  1  2  3  4  5  6  7  8 |
---------------+-------------------------+-----
Axes           | 2 3 4 5 6 |  6.4
Fighting       | 4 5 |  5.3
Armour         | 4 5 |  5.0
Shields        | 4 |  4.7
Evocations     | 1 2 3 |  3.1
Stealth        | |  0.6
Unarmed Combat | |  0.4

Action                     |  1- 3 |  4- 6 |  7- 9 || total
---------------------------+-------+-------+-------++-------
  Melee: War axe           |   120 |   142 |   138 ||   400
         Unarmed           |       |     5 |       ||     5
    Use: Scroll            |     4 |     4 |     5 ||    13
         Potion            |       |       |     3 ||     3
   Stab: Confused          |       |     1 |       ||     1
 Armour: Chain mail        |    99 |   110 |   126 ||   335
  Dodge: Dodged            |    48 |    53 |    80 ||   181
  Block: Buckler           |    32 |    33 |    50 ||   115

Table legend: (Time is in decaauts)
 A = Elapsed time spent in this place.
 B = Non-inter-level travel time spent in this place.
 C = Inter-level travel time spent in this place.
 D = Time resting spent in this place.
 E = Time spent auto-exploring this place.
 F = Levels seen in this place.
 G = Mean time per level.
                   A        B        C        D        E       F      G
               +--------+--------+--------+--------+--------+-----+--------+
         Total |   3846 |   3783 |     63 |     17 |   2776 |   6 |  641.0 |
       Dungeon |   3846 |   3783 |     63 |     17 |   2776 |   6 |  641.0 |
               +--------+--------+--------+--------+--------+-----+--------+

Top non-repeatable levels by time:
     D:4: 1024 daAuts
     D:2: 767 daAuts
     D:5: 711 daAuts
     D:3: 686 daAuts
     D:1: 587 daAuts
     D:6: 68 daAuts
